 Dungeon Crawl Stone Soup version 0.19.0-9-gfd783f2 (webtiles) character file.

32 Haldmier the Magician (level 3, 21/21 HPs)
             Began as a High Elf Wizard on Nov 8, 2016.
             Quit the game on level 1 of the Dungeon.
             The game lasted 00:04:08 (1346 turns).

Haldmier the Magician (High Elf Wizard)             Turns: 1346, Time: 00:04:09

Health: 21/21      AC:  2    Str:  7    XL:     3   Next: 10%
Magic:  9/9        EV: 12    Int: 22    God:
Gold:   68         SH:  0    Dex: 13    Spells: 1 memorised, 8 levels left

rFire  . . .     SeeInvis .     h - +2 dagger (venom)
rCold  . . .     Gourm    .     a - +0 robe
rNeg   . . .     Faith    .     (no shield)
rPois  .         Spirit   .     b - +0 hat
rElec  .         Reflect  .     (no cloak)
rCorr  .         Harm     .     (no gloves)
MR     .....                    (no boots)
Stlth  ++........               (no amulet)
                                (no ring)
                                (no ring)

@: no status effects
A: no striking features
a: no special abilities


You were on level 1 of the Dungeon.
You were not hungry.

You visited 1 branch of the dungeon, and saw 1 of its levels.

You collected 68 gold pieces.

Inventory:

Hand Weapons
 h - a +2 dagger of venom (weapon)
 m - a +0 spear
Armour
 a - a +0 robe (worn)
 b - a +0 hat (worn)
 j - a +0 ring mail
Scrolls
 e - a scroll of amnesia {unknown}
 g - 2 scrolls of remove curse {unknown}
 k - a scroll of random uselessness {unknown}
 l - a scroll of identify {unknown}
 n - a scroll of recharging {unknown}
 p - a scroll of magic mapping {unknown}
Potions
 o - 2 potions of brilliance {unknown}
Books
 c - a book of Minor Magic

   Spells                             Type                      Level
   a - Magic Dart                     Conjuration                  1
   b - Blink                          Translocation                2
   c - Call Imp                       Summoning                    2
   d - Repel Missiles                 Charms/Air                   2
   e - Slow                           Hexes                        2
   f - Conjure Flame                  Conjuration/Fire             3
   g - Mephitic Cloud                 Conjuration/Poison/Air       3
Comestibles
 d - 2 bread rations
 i - a meat ration


   Skills:
 - Level 2.1 Dodging
 - Level 2.1 Stealth
 - Level 3.6 Spellcasting
 + Level 3.4 Conjurations
   Level 0.8 Summonings
   Level 1.1 Translocations


You had 8 spell levels left.
You knew the following spells:

 Your Spells              Type           Power        Failure   Level  Hunger
a - Magic Dart            Conj           ###.         3%          1    None


Dungeon Overview and Level Annotations

Branches:
Dungeon (1/15)

Altars:


Message History

The kobold is heavily wounded.
Casting: Magic Dart
Confirm with . or Enter, or press ? or * to list all spells.
Aiming: Magic Dart
Press: ? - help, Shift-Dir - straight line, f/p - kobold
Aim: a kobold, wielding a club (heavily wounded)
The magic dart hits the kobold.
You kill the kobold!
You see here a club.
Partly explored, can't reach some places.
Partly explored, can't reach some places.
Search for what [? for help]? .
You see here a stone.
You see here 14 stones.
You see here 12 arrows.
You see here a club.
You see here a club.
There is a stone staircase leading down here.
Okay, then.
Are you sure you want to abandon this character and quit the game? (Confirm with "yes".)

#.###### #######..##.....###....
#.# #..##.....##..... #.#
##............#.# #.#
##########.#............. #.#
#......(................# #.#
#.....###...............# #.#
#####..[................. #.#
#####)##..........#.. #.#
#####@.............).. #.#
###.......#............. #.#
#..>.................### #.#
##...........########## #
#.######..#......)..############
#.#.......#.............).......
##....................###########
#.)...................### #....
#.....................).#####....


There were no monsters in sight!

Vanquished Creatures
  A dart slug (D:1)
  2 leopard geckos (D:1)
  A bat (D:1)
  6 goblins (D:1)
  A hobgoblin (D:1)
  6 jackals (D:1)
  A frilled lizard (D:1)
  5 kobolds (D:1)
  6 rats (D:1)
29 creatures vanquished.

Notes
Turn   | Place    | Note
-------+----------+-------------------------------------------
     0 | D:1      | Haldmier the High Elf Wizard began the quest for the Orb.
     0 | D:1      | Reached XP level 1. HP: 11/11 MP: 6/6
   252 | D:1      | Reached XP level 2. HP: 17/17 MP: 4/7
  1054 | D:1      | Reached XP level 3. HP: 21/21 MP: 2/9
  1346 | D:1      | Quit the game

Skill      XL: |  1  2 |
---------------+-------+-----
Conjurations   | 2 3 |  3.4
Dodging        | |  2.1
Stealth        | |  2.1
Spellcasting   | |  3.6
Summonings     | |  0.8
Translocations | |  1.1

Action                   || total
-------------------------++-------
Melee: Spear             ||    13
 Cast: Magic Dart        ||    54
  Eat: Chunk             ||     1
Armor: Robe              ||     4
Dodge: Dodged            ||    20
